 Dungeon Crawl Stone Soup version 0.30-a0-29-g142975f185 (webtiles) character file.

Game seed: 11617968895286539292

238 timneilson the Shield-Bearer (level 6, -5/38 HPs)
             Began as a Gargoyle Fighter on Aug 27, 2022.
             Was an Initiate of Okawaru.
             Killed by divine providence
             ... invoked by an orc priest
              (12 damage)
             ... on level 4 of the Dungeon.
             The game lasted 00:06:20 (4139 turns).

timneilson the Shield-Bearer (Gargoyle Fighter)     Turns: 4139, Time: 00:06:21

Health: -5/38      AC: 17    Str: 21    XL:     6   Next: 7%
Magic:  0/6        EV: 11    Int:  9    God:    Okawaru [......]
Gold:   288        SH:  0    Dex:  9    Spells: 5/5 levels left

rFire   . . .      SeeInvis .    a - +1 long sword (vorpal)
rCold   . . .      Faith    .    c - +0 buckler
rNeg    + . .      Spirit   +    o - +0 chain mail
rPois   ∞          Reflect  .    (no helmet)
rElec   +          Harm     .    (no cloak)
rCorr   .          Rampage  .    r - +2 pair of gloves
Will    .....                    (no boots)
Stlth   ..........               u - amulet of guardian spirit
HPRegen 0.12/turn                b - +4 ring of evasion
MPRegen 0.10/turn                (no ring)

@: confused
A: sickness immunity, AC +4, negative energy resistance 1, electricity
resistance, torment resistance 1, petrification resistance
a: Renounce Religion


You were on level 4 of the Dungeon.
You worshipped Okawaru.
Okawaru was noncommittal.
You visited 2 branches of the dungeon, and saw 5 of its levels.

You collected 288 gold pieces.

Inventory:

Hand Weapons
 a - a +1 vorpal long sword (weapon)
Armour
 c - a +0 buckler (worn)
 o - a +0 chain mail (worn)
 r - a +2 pair of gloves (worn)
Jewellery
 b - a +4 ring of evasion (left hand)
 u - an amulet of guardian spirit (around neck)
Wands
 l - a wand of flame (22)
 p - a wand of charming (5)
Scrolls
 g - a scroll of butterflies
 i - a scroll of enchant armour
 k - 2 scrolls of teleportation
 n - a scroll of identify
 t - a scroll of enchant weapon
Potions
 d - 2 potions of might
 e - a potion of flight
 f - a potion of brilliance
 h - 2 potions of lignification
 j - 2 potions of haste
 m - 2 potions of ambrosia {unknown}
 q - 3 potions of curing
 s - 2 potions of attraction


   Skills:
 + Level 3.9 Fighting
 * Level 2.9 Long Blades
 * Level 4.6 Armour
 + Level 1.3 Dodging
 * Level 4.6 Shields
 + Level 0.1 Invocations
 + Level 0.3 Evocations


You had 5 spell levels left.
You didn't know any spells.
Your spell library contained the following spells:

 Spells                   Type           Power      Damage    Failure   Level
 Ensorcelled Hibernation  Hex/Ice        0%         N/A       100%        2
 Passwall                 Tmut/Erth      0%         N/A       100%        2
 Swiftness                Air            0%         N/A       100%        3
 Summon Forest            Summ/Tloc      Unusable   N/A       N/A         5
 Summon Mana Viper        Hex/Summ       Unusable   N/A       N/A         5
 Summon Cactus Giant      Summ           Unusable   N/A       N/A         6

Dungeon Overview and Level Annotations

Branches:
Dungeon (4/15)             Temple (1/1) D:4

Altars:
Cheibriados
Dithmenos
Elyvilon
Hepliaklqana
Kikubaaqudgha
Nemelex Xobeh
Okawaru
Qazlal
Ru
Vehumet
Xom
Yredelemnul
Zin
The Shining One

Shops:
D:3 !

Annotations:
D:3 3 runed translucent doors, HilariousDeathArtist's ghost, amateur NaAr


Innate Abilities, Weirdness & Mutations

You are immune to sickness and miasma.
Your stone body is resilient. (AC +4)
You are immune to poison.
You resist negative energy. (rN+)
You are resistant to electric shocks. (rElec)
You are resistant to unholy torment.
You are immune to petrification.


Message History

A puff of flame appears from out of thin air!
The puff of flame hits you but does no damage.
You feel less confused.
You barely miss something.
You hear some strange, mumbled words.
You are confused.
You bump into the rock wall.
Something hits you.
The orc priest calls down the wrath of Beogh upon you.
You miss something.
You hear some strange, mumbled words.
A magic dart appears from out of thin air!
The magic dart hits you.
You closely miss something.
You hear some strange, mumbled words.
A magic dart appears from out of thin air!
The magic dart hits you but does no damage.
Something hits you but does no damage.
The orc priest begins to cast a cantrip, but forgets the words!
You closely miss something.
You feel less confused. Something hits you but does no damage.
You miss something. You hit the orc priest.
The orc priest is lightly wounded.
Something hits you but does no damage.
The orc priest invokes the aid of Beogh against you.
Beogh smites you!
You hear some strange, mumbled words.
You are confused.
The orc priest miscasts a cantrip.
You bump into the rock wall.
Something hits you.
* * * LOW HITPOINT WARNING * * *
The orc priest hits you with a +0 whip.
* * * LOW HITPOINT WARNING * * *
You closely miss the orc priest.
The orc priest is lightly wounded.
Something hits you but does no damage.
The orc priest calls down the wrath of Beogh upon you.
Beogh smites you!
You die...

#......#... #....#>.... #
#....#.#.## ..
########'###...# ..o
#.............## ....
#.............# .....
#.............#
......#####.............#
......').o@#######'########
....>.####.# #.........
..?.. #.# ########## ....
#.# ... #.################
.. #................. .
##################


You could see an orc priest.

Vanquished Creatures
  A scorpion (D:4)
  A hound (D:4)
  Jessica (D:2)
  3 gnolls (D:4)
  2 worms
  2 dart slugs
  4 orcs
  7 bats
  9 endoplasms
  4 giant cockroaches
  9 goblins
  7 hobgoblins
  8 quokkas
  3 ball pythons
  4 frilled lizards
  11 kobolds
  4 rats
80 creatures vanquished.

Notes
Turn   | Place    | Note
-------+----------+-------------------------------------------
     0 | D:1      | timneilson the Gargoyle Fighter began the quest for the
                  | Orb.
     0 | D:1      | Reached XP level 1. HP: 14/14 MP: 1/1
   151 | D:1      | Reached XP level 2. HP: 15/19 MP: 2/2
   597 | D:1      | Found a faded altar of an unknown god.
  1193 | D:1      | Reached XP level 3. HP: 17/23 MP: 3/3
  1345 | D:2      | Noticed Jessica
  1356 | D:2      | Killed Jessica
  1761 | D:2      | Reached XP level 4. HP: 28/28 MP: 4/4
  2707 | D:3      | Found Mecsics's Distillery.
  2796 | D:3      | Noticed HilariousDeathArtist's ghost (amateur NaAr)
  2933 | D:3      | Reached skill level 1 in Dodging
  3064 | D:3      | Found a runed translucent gate.
  3065 | D:3      | Found a runed translucent gate.
  3066 | D:3      | Found a runed translucent gate.
  3296 | D:4      | Noticed a scorpion
  3306 | D:4      | Killed a scorpion
  3307 | D:4      | Reached XP level 5. HP: 22/33 MP: 5/5
  3319 | D:4      | Found a radiant altar of Vehumet.
  3639 | D:4      | Found a staircase to the Ecumenical Temple.
  3648 | Temple   | Entered the Ecumenical Temple
  3697 | Temple   | Became a worshipper of Warmaster Okawaru
  3824 | D:4      | Reached XP level 6. HP: 36/38 MP: 6/6
  3904 | D:4      | Found a basalt altar of Yredelemnul.
  3904 | D:4      | Found a sparkling altar of Nemelex Xobeh.
  3984 | D:4      | Found an ancient bone altar of Kikubaaqudgha.
  4139 | D:4      | Killed from afar by an orc priest

Illustrated notes

Levels and vault maps discovered:
D:1:      scummos_arrival_hexagon, layout_basic,
          dreamdust_ecumenical_altar_grove
D:2:      layout_rooms, uniq_jessica
D:3:      layout_loops_corners, gammafunk_ghost_split, serial_shops, shop,
          minivault_27, minmay_joined_circles
D:4:      layout_basic, vehumet_altar_wand_db, general_overflow_altar,
          minitemple, minmay_temple_entry_statues_pillars
Temple:   zaba_magenta_temple

Skill      XL: |  1  2  3  4 |
---------------+-------------+-----
Long Blades    | 2 |  2.9
Shields        | 4 |  4.6
Armour         | 4 |  4.6
Dodging        | 1 |  1.3
Fighting       | |  3.9
Invocations    | |  0.1
Evocations     | |  0.3

Action                   |  1- 3 |  4- 6 || total
-------------------------+-------+-------++-------
Melee: Long sword        |   122 |   187 ||   309
  Use: Scroll            |     5 |     8 ||    13
Armor: Scale mail        |    84 |     3 ||    87
       Chain mail        |       |   115 ||   115
Dodge: Dodged            |    79 |   100 ||   179
Block: Buckler           |    33 |    42 ||    75

Table legend: (Time is in decaauts)
 A = Elapsed time spent in this place.
 B = Non-inter-level travel time spent in this place.
 C = Inter-level travel time spent in this place.
 D = Time resting spent in this place.
 E = Time spent auto-exploring this place.
 F = Levels seen in this place.
 G = Mean time per level.
                   A        B        C        D        E       F      G
               +--------+--------+--------+--------+--------+-----+--------+
         Total |   4238 |   4156 |     82 |      0 |   3318 |   5 |  847.6 |
       Dungeon |   4162 |   4099 |     63 |      0 |   3270 |   4 | 1040.5 |
        Temple |     76 |     57 |     19 |      0 |     48 |   1 |   76.0 |
               +--------+--------+--------+--------+--------+-----+--------+

Top non-repeatable levels by time:
     D:1: 1375 daAuts
     D:3: 1148 daAuts
     D:2: 835 daAuts
     D:4: 802 daAuts
  Temple: 76 daAuts
